AoeStats
← darador86

Nomad

508155960Analyzed
4v4 RM · 13d ago on Sep 21, 2026· 36m 44s· 8 players
Game mode
Random Map
Map size
231×231
Population
200
Speed
Normal
Resources
Standard
Victory
Conquest
Starting age
Dark Age
Ending age
Imperial Age
RankedLock teamsTeams togetherTeam positionsShared explorationLock speedFull tech treeHidden civsTurbo modeCheats
Victory
Defeat
🇨🇱 Khmer · Chile
759
+13
🇲🇽 Wu · Mexico
712
+15
🇹🇷 Turks · Türkiye
704
+16
🇦🇷 Chinese · Argentina
682
+16
🇺🇸 Chinese · United States
751
-17
🇲🇽 Khitans · Mexico
727
-16
🇺🇸 Persians · United States
671
-14
🇺🇸 Huns · United States
640
-13
darador86
17:59 Feudal Age
19:40 Fishing Lines
20:01 Double-Bit Axe
28:56 Castle Age
28:04 Gold Mining
28:04 Stone Mining
28:35 Bloodlines
AloneArcher
11:30 Loom
11:39 Loom
18:13 Feudal Age
18:42 Double-Bit Axe
18:48 Gold Mining
18:43 Horse Collar
19:04 Stone Mining
24:53 Castle Age
27:44 Gold Shaft Mining
27:24 Bow Saw
27:38 Heavy Plow
Jx
6:29 Loom
21:10 Feudal Age
23:24 Wheelbarrow
22:34 Town Watch
22:41 Double-Bit Axe
22:37 Horse Collar
27:56 Castle Age
30:36 Hand Cart
30:23 Heavy Plow
35:21 Bow Saw
36:44 Town Patrol
Itacate
3:19 Loom
15:18 Feudal Age
16:11 Man-at-Arms
17:26 Double-Bit Axe
18:05 Gold Mining
18:06 Stone Mining
18:33 Town Watch
18:56 Stone Mining
20:23 Wheelbarrow
24:28 Castle Age
27:19 Fletching
30:26 Crossbowman
37:00 Gold Shaft Mining
37:01 Stone Shaft Mining
RESIST
9:33 Loom
15:44 Feudal Age
16:59 Wheelbarrow
16:14 Double-Bit Axe
18:20 Fishing Lines
21:23 Castle Age
22:45 Bow Saw
22:29 Gillnets
23:29 Horse Collar
27:42 Hand Cart
Pendrak
10:41 Loom
13:15 Feudal Age
15:35 Double-Bit Axe
22:15 Castle Age
21:38 Scale Barding Armor
22:51 Forging
24:32 Chain Barding Armor
28:25 Husbandry
28:35 Bloodlines
skywalkeratat
5:35 Loom
20:50 Feudal Age
22:08 Double-Bit Axe
22:46 Horse Collar
25:39 Man-at-Arms
26:18 Town Watch
28:07 Stone Mining
28:07 Gold Mining
32:30 Castle Age
31:39 Fletching
31:50 Padded Archer Armor
31:51 Scale Mail Armor
32:06 Forging
35:39 Chain Mail Armor
Whitespooky
17:59 Feudal Age
18:43 Double-Bit Axe
18:39 Domestication
19:54 Wheelbarrow
20:32 Gold Mining
24:50 Castle Age
23:55 Fletching
24:06 Padded Archer Armor
25:54 Pastoralism
26:05 Bow Saw
26:13 Bodkin Arrow
28:45 Hand Cart
29:25 Thumb Ring
29:07 Heavy Cavalry Archer
32:54 Ballistics
35:35 Masonry
37:07 Husbandry
Connection lost

Rejoining the realm…

Still unreachable

The connection could not be restored.

Session expired

The server has moved on; the page needs a fresh start.